 Dungeon Crawl Stone Soup version 0.31.0-12-g77e489cdc1 (webtiles) character file.

Game seed: 14155009129206577339

188 Gadfly the Insei (level 5, -12/41 HPs)
             Began as a Demonspawn Monk on Feb 23, 2024.
             Mangled by Edmund
             ... wielding a +3 dire flail of holy wrath
              (13 damage)
             ... on level 4 of the Dungeon.
             The game lasted 00:02:55 (2466 turns).

Gadfly the Insei (Demonspawn Monk)                  Turns: 2466, Time: 00:02:56

Health: -12/41     AC:  8    Str: 20    XL:     5   Next: 39%
Magic:  5/5        EV: 13    Int: 10    God:
Gold:   124        SH:  0    Dex: 15    Spells: 4/4 levels left

rFire   . .          .
                       - Unarmed
rCold   . . .        c - orb {light}
rNeg    . . .        a - +0 robe
rPois   .            (no helmet)
rElec   .            h - +0 cloak
rCorr   .            (no gloves)
SInv    .            g - +0 pair of boots
Will    .....        (no amulet)
Stlth   +            f - +4 ring of protection
HPRegen 0.26/turn    j - +6 ring of strength
MPRegen 0.09/turn

%: no passive effects
@: confused, ambrosia-drunk, glowing
A: claws 2, foul stench 2
a: no special abilities


You were on level 4 of the Dungeon.
You visited 1 branch of the dungeon, and saw 4 of its levels.

You collected 124 gold pieces.

Inventory:

Armour
 a - a +0 robe (worn)
 c - an orb of light (worn)
 g - a +0 pair of boots (worn)
 h - a +0 cloak (worn)
Jewellery
 f - a +4 ring of protection (left claw)
 j - a +6 ring of strength (right claw)
 n - an amulet of the acrobat
Wands
 k - a wand of paralysis (11)
 m - a wand of iceblast (7)
Scrolls
 l - 2 scrolls of teleportation
Potions
 d - a potion of might
 e - a potion of enlightenment
 i - a potion of resistance
 o - a potion of heal wounds {unknown}
 p - a potion of curing {unknown}


   Skills:
 - Level 3.0 Fighting
 + Level 3.3 Dodging
 + Level 3.4 Unarmed Combat
 * Level 2.7 Evocations
 * Level 2.2 Shapeshifting


You had 4 spell levels left.
You didn't know any spells.
Your spell library contained the following spells:

 Spells                   Type           Power      Damage    Failure   Level
 Stone Arrow              Conj/Erth      0%         3d7       75%         3
 Animate Armour           Summ/Erth      0%         N/A       98%         4
 Lehudib's Crystal Spear  Conj/Erth      0%         10d2      100%        8


Dungeon Overview and Level Annotations

Branches:
Dungeon (4/15)
 Temple: D:4-7

Altars:
Ashenzari
Makhleb

Annotations:
D:4 Edmund


Innate Abilities, Weirdness & Mutations

You have very sharp fingernails.
You sometimes emit foul miasma when damaged in melee.


Message History

Edmund barely misses you.
You claw Edmund!
Edmund is moderately wounded.
Edmund hits you with a +3 dire flail of holy wrath!
You convulse!
You scratch Edmund.
Edmund is heavily wounded.
Edmund barely misses you.
You claw Edmund!
Edmund is severely wounded.
Edmund barely misses you.
You barely miss Edmund.
Edmund is severely wounded.
Edmund barely misses you.
You scratch Edmund.
Edmund is severely wounded.
Edmund hits you with a +3 dire flail of holy wrath.
You convulse.
You scratch Edmund but do no damage.
Edmund is severely wounded.
Edmund hits you with a +3 dire flail of holy wrath.
You convulse.
* * * LOW HITPOINT WARNING * * *
You are too injured to fight recklessly!
Unknown command.
You claw Edmund!
Edmund is almost dead.
Edmund hits you with a +3 dire flail of holy wrath.
* * * LOW HITPOINT WARNING * * *
You convulse.
* * * LOW HITPOINT WARNING * * *
Unknown command.
You are confused.
You feel invigorated. Edmund closely misses you.
You bump into the rock wall.
Edmund hits you with a +3 dire flail of holy wrath!
* * * LOW HITPOINT WARNING * * *
You convulse!
You die...
Edmund whines, "They better pay attention to me now!"

#......## #.......### ###
#.........# ####.. ##.........#
##..... #####....#....##
###...... ######........######
##.......) ##..............##
#......... ...>........##...####
##.........
...........#....@...###..........
......#...#...##@##...#..........
.........##...#...#..............
#.......##....#...#..............
##.....###.##.#...####...........
###..###.. .##+##.⌠#...........
#..## .. ........#...........
###.## ...........#.###...# ##.##
.......#...#.# #.###


You could see Edmund.

Vanquished Creatures
  A scorpion (D:4)
  An iguana (D:4)
  3 adders
  3 dart slugs (D:2)
  2 ribbon worms
  2 orcs (D:3)
  6 ball pythons
  3 endoplasms
  3 giant cockroaches
  5 hobgoblins
  12 jackals
  A kobold (D:1)
  5 quokkas
  6 bats
  2 frilled lizards (D:3)
  5 goblins
  4 rats
64 creatures vanquished.

Notes
Turn   | Place    | Note
-------+----------+-------------------------------------------
     0 | D:1      | Gadfly the Demonspawn Monk began the quest for the Orb.
     0 | D:1      | Reached XP level 1. HP: 18/18 MP: 1/1
   139 | D:1      | Gained mutation: You may rarely emit foul miasma when
                  | damaged in melee. [demonic ancestry]
   139 | D:1      | Reached XP level 2. HP: 21/24 MP: 2/2
   178 | D:1      | Reached skill level 1 in Evocations
   202 | D:1      | Reached skill level 1 in Shapeshifting
   484 | D:1      | Gained mutation: You sometimes emit foul miasma when
                  | damaged in melee. [demonic ancestry]
   484 | D:1      | Reached XP level 3. HP: 29/29 MP: 3/3
  1290 | D:2      | Gained mutation: You have sharp fingernails. [demonic
                  | ancestry]
  1290 | D:2      | Reached XP level 4. HP: 35/35 MP: 4/4
  1708 | D:3      | Found a faded altar of an unknown god.
  2027 | D:3      | Found a burning altar of Makhleb.
  2027 | D:3      | Noticed a balrug
  2031 | D:3      | Noticed a hellwing
  2031 | D:3      | Noticed a ynoxinul
  2277 | D:4      | Found a broken altar of Ashenzari.
  2297 | D:4      | Noticed a scorpion
  2315 | D:4      | Killed a scorpion
  2316 | D:4      | Gained mutation: You have very sharp fingernails. [demonic
                  | ancestry]
  2316 | D:4      | Reached XP level 5. HP: 29/41 MP: 5/5
  2454 | D:4      | Noticed Edmund
  2466 | D:4      | HP: 1/41 [Edmund/+3 dire flail of holy wrath (11)]
  2466 | D:4      | Mangled by Edmund

Illustrated notes

Levels and vault maps discovered:
D:1:      co_arrival_square_in_a_square_in_a_square, layout_basic,
          chequers_serial_rivers_micro_a
D:2:      minmay_door_path, layout_loops_ring
D:3:      layout_basic, makhleb_altar_promises_db,
          nicolae_overflow_hidden_temple, ebering_ecumenical_altar_abandoned,
          minmay_crystal_room
D:4:      layout_cave_pods, evilmike_ruin_ashenzari, temple_green, uniq_edmund

Skill      XL: |  1  2  3  4 |
---------------+-------------+-----
Evocations     | 1 2 |  2.7
Shapeshifting  | 1 2 |  2.2
Unarmed Combat | 3 |  3.4
Dodging        | 3 |  3.3
Fighting       | |  3.0

Action                     |  1- 3 |  4- 6 || total
---------------------------+-------+-------++-------
  Melee: Unarmed           |   129 |    67 ||   196
    Use: Scroll            |     4 |     4 ||     8
         Potion            |       |     3 ||     3
 Armour: Robe              |    50 |    35 ||    85
  Dodge: Dodged            |   105 |    39 ||   144
